 Dungeon Crawl Stone Soup version 0.21.0-26-g889b8f6872 (webtiles) character file.

784 BrokenGlass the Fighter (level 7, -4/54 (56) HPs)
             Began as an Octopode Wanderer on Jan 27, 2018.
             Was an Initiate of Ru.
             Slain by an orc priest
             ... wielding a +0 mace
              (9 damage)
             ... on level 5 of the Dungeon.
             The game lasted 00:10:07 (6686 turns).

BrokenGlass the Fighter (Octopode Wanderer)         Turns: 6686, Time: 00:10:07

HP:   -4/54 (56)    AC:  1    Str: 12    XL:     7   Next: 86%
MP:   11/11         EV: 12    Int: 12    God:    Ru [......]
Gold: 206           SH:  0    Dex: 15    Spells: 11/12 levels left

rFire    . . .     SeeInvis +   a - +2 dagger
rCold    + . .     Gourm    .   (no shield)
rNeg     . . .     Faith    .   (helmet restricted)
rPois    .         Spirit   .   (no amulet)
rElec    .         Reflect  .   o - ring of see invisible
rCorr    .         Harm     .   q - ring of protection from cold
MR       +....                  y - ring of protection from magic
Stlth    +++.......             (no ring)
HPRegen  0.18/turn              (no ring)
MPRegen  0.12/turn              (no ring)
                                (no ring)
                                (no ring)

@: no status effects
A: almost no armour, stealthy swim, amphibious, 8 rings, constrict 8, camouflage
1, gelatinous body 1
a: Renounce Religion


You were on level 5 of the Dungeon.
You worshipped Ru.
Ru was noncommittal.
You were not hungry.

You visited 2 branches of the dungeon, and saw 6 of its levels.

You collected 314 gold pieces.
You spent 108 gold pieces at shops.

Inventory:

Hand Weapons
 a - a +2 dagger (weapon)
 d - a +0 mace
Missiles
 l - 61 bolts
Jewellery
 o - a ring of see invisible (left tentacle)
 q - a ring of protection from cold (right tentacle)
 y - a ring of protection from magic (on tentacle)
Wands
 p - a wand of enslavement (3)
Scrolls
 e - 3 scrolls of remove curse
 g - 6 scrolls of identify {unknown}
 h - 2 scrolls of enchant weapon {unknown}
 j - 6 scrolls of teleportation
 m - 2 scrolls of random uselessness {unknown}
 n - 2 scrolls of magic mapping {unknown}
 r - a scroll of immolation {unknown}
 t - 2 scrolls of amnesia {unknown}
 v - a scroll of fog {unknown}
Potions
 b - a potion of heal wounds
 i - a potion of brilliance {unknown}
 k - a potion of flight {unknown}
 s - a potion of degeneration {unknown}
 u - a potion of might {unknown}
 w - a potion of lignification {unknown}
 x - a potion of curing {unknown}
Books
 c - the Catalogue of Orientation

   Spells                             Type                      Level
   a - Apportation                    Translocation                1
   b - Teleport Other                 Translocation                3
Comestibles
 f - 6 rations


   Skills:
 * Level 8.5 Fighting
 - Level 2.0 Maces & Flails
 - Level 2.6 Stealth
 - Level 3.0 Spellcasting
   Level 2.0 Necromancy


You had 11 spell levels left.
You knew the following spells:

 Your Spells              Type           Power        Failure   Level  Hunger
a - Apportation           Tloc           #.....       24%         1    #......


Dungeon Overview and Level Annotations

Branches:
Dungeon (5/15)             Temple (1/1) D:5

Altars:
Ashenzari
Cheibriados
Dithmenos
Elyvilon
Gozag
Hepliaklqana
Kikubaaqudgha
Makhleb
Nemelex Xobeh
Okawaru
Qazlal
Ru
Sif Muna
Uskayaw
Vehumet
Wu Jian
The Shining One

Shops:
D:5 *

Annotations:
D:3 Purgy


Innate Abilities, Weirdness & Mutations

You cannot wear most types of armour.
You are very stealthy in the water. (Stealth+)
You are amphibious.
You can wear up to eight rings at the same time.
You can use your tentacles to constrict eight enemies at once.
Your skin changes colour to match your surroundings (Stealth+).
Your rubbery body absorbs attacks. (AC +1, EV +1)


Message History

The orc warrior is heavily wounded.
You constrict the orc warrior, but do no damage.
The orc priest barely misses you.
Your worker ant bites the orc warrior but does no damage.
The orc warrior hits you with a scimitar!
You hit the orc warrior.
You squeeze the orc warrior, but do no damage.
The orc warrior is severely wounded.
You constrict the orc warrior.
Your worker ant bites the orc warrior.
The orc warrior is poisoned.
Your worker ant poisons the orc warrior!
The orc priest closely misses you.
You barely miss the orc priest. Your grab misses the orc priest.
You squeeze the orc priest.
The orc priest is lightly wounded.
You constrict the orc warrior, but do no damage.
The orc warrior hits you with a scimitar!!
* * * LOW HITPOINT WARNING * * *
Your worker ant bites the orc warrior.
The orc priest hits you with a mace!
You die...

######### #########
#.......# #...../.#
#.......# #.......#
#.......# #....o..#
#.......# #...oo.##
#.......# #@a.#
#####'### ####.#
#......#### #....#
#.......... #....#
#.......... #....#
#.##'####.#
####....####.....###.#
#..'....#..#.....'...#
#..#....#........#...#
#..#....#..##....##..#


You could see an orc warrior, an orc priest, an orc and a friendly worker ant.

Vanquished Creatures
  2 ogres (D:5)
  A necrophage (D:5)
  An iguana (D:5)
  2 hounds
  3 orc wizards
  An orc priest (D:5)
  Jessica (D:3)
  A worker ant (D:5)
  A hound skeleton (D:5)
  A worker ant zombie (D:5)
  A gnoll (D:1)
  6 adders
  3 oozes
  An adder skeleton (D:4)
  2 worms
  5 dart slugs
  4 leopard geckos
  12 orcs
  A ball python (D:5)
  3 giant cockroaches
  15 goblins
  4 hobgoblins
  6 jackals
  2 quokkas
  8 bats
  2 frilled lizards
  4 kobolds
  11 rats
104 creatures vanquished.

Vanquished Creatures (collateral kills)
  A centaur (D:5)
1 creature vanquished.

Vanquished Creatures (others)
  An adder (D:5)
1 creature vanquished.

Grand Total: 106 creatures vanquished

Notes
Turn   | Place    | Note
-------+----------+-------------------------------------------
     0 | D:1      | BrokenGlass the Octopode Wanderer began the quest for the Orb.
     0 | D:1      | BrokenGlass set off with: a +2 dagger, a potion of heal wounds, the Catalogue of Orientation, a +0 mace, a ration
     0 | D:1      | Reached XP level 1. HP: 13/13 MP: 4/4
     0 | D:1      | Identified the Catalogue of Orientation
     2 | D:1      | Learned a level 1 spell: Apportation
   534 | D:1      | Reached skill level 2 in Fighting
   534 | D:1      | Reached XP level 2. HP: 10/19 MP: 6/6
  1054 | D:1      | Reached XP level 3. HP: 22/25 MP: 7/7
  1297 | D:1      | Reached skill level 3 in Fighting
  1888 | D:2      | Reached XP level 4. HP: 32/33 MP: 8/8
  2040 | D:2      | Reached skill level 4 in Fighting
  2648 | D:3      | Noticed Jessica
  2655 | D:3      | Killed Jessica
  2655 | D:3      | Reached XP level 5. HP: 36/38 MP: 9/9
  2668 | D:3      | Noticed Purgy
  3032 | D:2      | Reached skill level 5 in Fighting
  4138 | D:4      | Reached XP level 6. HP: 39/46 MP: 10/10
  4191 | D:4      | Found a sparkling altar of Nemelex Xobeh.
  4233 | D:4      | Found a deep blue altar of Sif Muna.
  4233 | D:4      | Found a snail-covered altar of Cheibriados.
  4386 | D:4      | Reached skill level 6 in Fighting
  4650 | D:5      | Entered Level 5 of the Dungeon
  4963 | D:5      | HP: 2/47 [centaur/arrow (7)]
  5315 | D:5      | Reached skill level 7 in Fighting
  5315 | D:5      | Reached XP level 7. HP: 31/54 MP: 11/11
  5533 | D:5      | Found Apnull's General Store.
  5539 | D:5      | Bought a scroll of teleportation for 36 gold pieces
  5539 | D:5      | Bought a scroll of teleportation for 36 gold pieces
  5539 | D:5      | Bought a scroll of teleportation for 36 gold pieces
  5554 | D:5      | Found a staircase to the Ecumenical Temple.
  5585 | Temple   | Entered the Ecumenical Temple
  5656 | Temple   | Became a worshipper of Ru the Awakened
  6109 | D:5      | Reached skill level 8 in Fighting
  6686 | D:5      | Slain by an orc priest

Skill      XL: |  1  2  3  4  5  6  7 |
---------------+----------------------+-----
Fighting       | 2 3 4 5 7 8 |  8.5
Maces & Flails | |  2.0
Stealth        | |  2.6
Spellcasting   | |  3.0
Necromancy     | |  2.0

Action                   |  1- 3 |  4- 6 |  7- 9 || total
-------------------------+-------+-------+-------++-------
Melee: Dagger            |    60 |   131 |    62 ||   253
       Constrict         |     9 |    31 |    13 ||    53
       Tentacles         |     5 |    22 |    24 ||    51
Evoke: Wand              |       |     7 |     1 ||     8
  Use: Scroll            |       |     1 |       ||     1
 Stab: Sleeping          |    17 |     9 |     1 ||    27
  Eat: Ration            |     1 |     1 |       ||     2
       Chunk             |       |     8 |     3 ||    11
Armor: Skin              |     4 |    14 |     1 ||    19
Dodge: Dodged            |    22 |   103 |    39 ||   164
